 Dungeon Crawl Stone Soup version 0.30-b1-2-g02819fbbbe (webtiles) character file.

Game seed: 166541706686905473

23 Arcadio the Trooper (level 2, -4/27 HPs)
             Began as a Minotaur Monk on May 6, 2023.
             Slain by a worm (9 damage)
             ... on level 1 of the Dungeon.
             The game lasted 00:01:48 (1034 turns).

Arcadio the Trooper (Minotaur Monk)                 Turns: 1034, Time: 00:01:48

Health: -4/27      AC:  5    Str: 15    XL:     2   Next: 75%
Magic:  1/1        EV: 11    Int:  7    God:
Gold:   42         SH:  0    Dex: 12    Spells: 1/1 levels left

rFire   . . .        a - +0 hand axe
rCold   . . .        d - orb {light}
rNeg    . . .        e - +0 ring mail
rPois   .            (helmet restricted)
rElec   .            (no cloak)
rCorr   .            (no gloves)
SInv    .            (no boots)
Will    .....        (no amulet) Stlth
                     (no ring)
HPRegen 0.24/turn    (no ring)
MPRegen 0.07/turn

%: no passive effects
@: confused, ambrosia-drunk, glowing
A: horns 2, retaliatory headbutt
a: no special abilities


You were on level 1 of the Dungeon.
You visited 1 branch of the dungeon, and saw 2 of its levels.

You collected 42 gold pieces.

Inventory:

Hand Weapons
 a - a +0 hand axe (weapon)
Armour
 b - a +0 robe
 d - an orb of light (worn)
 e - a +0 ring mail (worn)
Jewellery
 h - an amulet of guardian spirit
Scrolls
 f - a scroll of silence {unknown}
 g - a scroll of teleportation
 i - a scroll of identify {unknown}
 j - a scroll of vulnerability {unknown}
 l - a scroll of poison {unknown}
Potions
 k - a potion of attraction {unknown}


   Skills:
 + Level 4.1 Fighting
 + Level 4.1 Axes
 + Level 3.7 Dodging


You had one spell level left.
You didn't know any spells.
Your spell library was empty.

Dungeon Overview and Level Annotations

Branches:
Dungeon (2/15) Zot: 10959

Altars:

Shops:
D:2 [

Annotations:
D:2 Robin


Innate Abilities, Weirdness & Mutations

You have a pair of horns on your head.
You reflexively headbutt those who attack you in melee.


Message History

You are no longer poisoned.
You start resting.
HP restored.
There is a stone staircase leading down here.
You climb downwards.
Level annotation: Robin The hobgoblin shouts!
The goblin hits you with a +0 dagger.
Robin roars a battlecry!
The goblins go into a battle-frenzy!
The goblin barely misses you. The goblin hits you with a +0 club.
The goblin hits you but does no damage. x2; The goblin closely misses you.
You furiously retaliate!
You headbutt the goblin, but do no damage.
There is a stone staircase leading up here.
The adder bites you but does no damage. The worm bites you!
The goblin hits you but does no damage. The goblin closely misses you.
You furiously retaliate!
You headbutt the goblin!
You kill the goblin!
You climb upwards.
There is a stone staircase leading down here.
You completely miss the goblin. Your headbutt misses the goblin.
You hit the goblin but do no damage. You hit the worm but do no damage.
The goblin hits you with a +0 dagger. The goblin hits you but does no damage.
The worm bites you but does no damage.
You hit the goblin.
The goblin is severely wounded.
You hit the goblin but do no damage. You hit the worm.
The goblin barely misses you. The goblin hits you but does no damage.
You hit the goblin.
You kill the goblin!
You hit the goblin. You hit the worm. The goblin hits you with a +0 dagger.
The worm bites you.
* * * LOW HITPOINT WARNING * * *
The adder closely misses you.
Okay, then.
You are confused.
You feel invigorated. The goblin hits you but does no damage.
The adder misses you. The worm bites you!
You die...

#####'####.# # #.# #.#
######### #.####.#
#........ #......#
#........
##########........
#....+........
#####.####........
#gw........†......
#@###.#....#'#####
#####S#.#.#.####.#
#.....#'#.#.# #.#
#.###.....#.# #.# #.#
#.....#.####.# #.#
#.....#......#
#.###.....############
#..................#..
#####.############.#..


You could see a worm, an adder and a goblin (strong).

Vanquished Creatures
  A dart slug (D:2)
  A ball python (D:1)
  A bat (D:1)
  An endoplasm (D:1)
  8 goblins
  2 hobgoblins (D:1)
  A kobold (D:1)
  A quokka (D:1)
  A rat (D:1)
17 creatures vanquished.

Notes
Turn   | Place    | Note
-------+----------+-------------------------------------------
     0 | D:1      | Arcadio the Minotaur Monk began the quest for the Orb.
     0 | D:1      | Reached XP level 1. HP: 19/19 MP: 0/0
   719 | D:1      | Reached XP level 2. HP: 27/27 MP: 1/1
   906 | D:2      | Found Zeucaeh's Armour Boutique.
   919 | D:2      | Noticed Robin
  1034 | D:1      | Slain by a worm

Illustrated notes

Levels and vault maps discovered:
D:1:      dpeg_arrival_arbitrary_c, layout_basic
D:2:      layout_basic, serial_shops, nicolae_shop_hallway_stairs, uniq_terence,
          uniq_robin

Skill      XL: |  1  2 |
---------------+-------+-----
Fighting       | 4 |  4.1
Axes           | 4 |  4.1
Dodging        | |  3.7

Action                     || total
---------------------------++-------
  Melee: Hand axe          ||    31
         Headbutt          ||     6
    Use: Scroll            ||     1
         Potion            ||     1
 Armour: Ring mail         ||    22
  Dodge: Dodged            ||    33
